Cogmind - Beta 15 @@@ ROGUE MODE // 2025.09.08 @ 16:52:44 Player: dirtydan Result: Destroyed by G-34 Mercenary with Small Laser Performance ------------- Evolutions (0) 0 Regions Visited (1) 200 Robots Destroyed (10) 50 Value Destroyed (135) 135 Prototype IDs (0) 0 Alien Tech Used (0) 0 Bonus (0) 0 TOTAL SCORE: 385 Bonus ------- None Cogmind --------- Core Integrity 0/250 Matter 400/400 Energy 100/100 System Corruption 0% Temperature Cool (6) Movement Core (50) Location -10/Materials Parts ------- > --- POWER (1) -------- (None) > --- PROPULSION (2) --- (None) > --- UTILITY (2) ------ Medium Matter Pod > --- WEAPON (2) ------- Light Assault Rifle > --- INVENTORY (5) ---- Light Ion Engine Peak State ------------ > --- POWER ------------ Light Ion Engine > --- PROPULSION ------- Wheel Wheel > --- UTILITY ---------- Light Armor Plating > --- WEAPON ----------- Medium Laser Light Assault Rifle > --- INVENTORY -------- Flight Unit [Rating: 6] Favorites ----------- Power Light Ion Engine Engine Light Ion Engine Propulsion Wheel Wheel Wheel Flight Unit Flight Unit Utility Light Armor Plating Storage Medium Matter Pod Protection Light Armor Plating Weapon Light Assault Rifle Energy Gun Medium Laser Ballistic Gun Light Assault Rifle Build | -11 -10 ------- Run | Yrd Mat Slots Evolved . | . . Power . | . . Propulsion . | . . Utility . | . . Weapon . | . . Parts Attached 12 | 5 7 Power 3 | 1 2 Engine 3 | 1 2 Core . | . . Reactor . | . . Propulsion 4 | 2 2 Treads . | . . Leg . | . . Wheel 2 | 2 . Hover . | . . Flight 2 | . 2 Utility 2 | . 2 Device . | . . Storage 1 | . 1 Processor . | . . Hackware . | . . Protection 1 | . 1 Artifact . | . . Weapon 3 | 2 1 Energy Gun 1 | 1 . Energy Cannon . | . . Ballistic Gun 2 | 1 1 Ballistic Cannon . | . . Launcher . | . . Special Weapon . | . . Impact Weapon . | . . Slashing Weapon . | . . Piercing Weapon . | . . Special Melee Weapon . | . . Unidentified Prototypes . | . . Parts Lost 8 | . 8 Power 1 | . 1 Propulsion 4 | . 4 Utility 1 | . 1 Weapon 2 | . 2 Highest Loss Streak 5 | . 5 To Critical Strikes . | . . Average Backups 1 | . 1 Power . | . . Propulsion . | . . Utility . | . . Weapon . | . . Tool/Special . | . . Unused Backups . | . . Power . | . . Propulsion . | . . Utility . | . . Weapon . | . . Tool/Special . | . . Average Slot Usage (%) 66 | . 66 Engine 11 | . 11 Wheel 14 | . 14 Flight 4 | . 4 Storage 3 | . 3 Protection 6 | . 6 Energy Gun 11 | . 11 Ballistic Gun 13 | . 13 Peak Build Rating 6 | 5 6 Average Rating 4 | 3 4 On Entrance 2 | . 5 Naked Turns . | . . Heaviest Build 9 | 6 9 Greatest Support 20 | 20 20 Greatest Overweight (x) 1 | . 1 Average Overweight (x) . | . . Largest Inventory Capacity 5 | 5 5 Average Capacity 5 | 5 5 Most Carried 4 | 2 4 Average Carried 1 | . 1 Final Capacity 5 | 5 5 Final Carried 1 | . 1 Class Distribution -------------------- 100% | Mutant Dominant Class ---------------- Mutant | -10/Materials Resources | -11 -10 ----------- Run | Yrd Mat Matter Collected 377 | 256 121 Remotely . | . . Salvage Created 265 | 35 230 Parts 19 | 2 17 Haulers Intercepted . | . . Recyclers Shooed 1 | . 1 Parts Field Recycled . | . . Retrieved Matter . | . . Parts Self-Destructed . | . . Prevented . | . . Kills | -11 -10 ------- Run | Yrd Mat Combat Hostiles Destroyed 8 | 1 7 Guns 8 | 1 7 Classes Destroyed 4 | 1 3 Worker 1 | . 1 Recycler 1 | . 1 Swarmer 6 | . 6 Grunt 2 | 1 1 Best Kill Streak 4 | 1 4 Combat Bots Only 3 | 1 3 Max Kills in Single Turn 1 | 1 1 Gunslinging . | . . Exploded . | . . Melee . | . . Uniques/NPCs Destroyed . | . . Combat | -11 -10 -------- Run | Yrd Mat Hostile Shots Fired 131 | 7 124 Missed 43 | 3 40 Hits 88 | 4 84 Projectile 88 | 4 84 Damage Taken 748 | 41 707 Core 257 | . 257 Absorbed by Shields . | . . Core Remaining (%) 100 | 100 . Volleys Fired 42 | 6 36 Largest 2 | 2 2 Hottest 70 | 70 70 Shots Fired 69 | 12 57 Gun 69 | 12 57 Cannon . | . . Launcher . | . . Special . | . . Kinetic 42 | 6 36 Thermal 27 | 6 21 Explosive . | . . Electromagnetic . | . . Robot Hit Streak 10 | 10 3 Robot Miss Streak 4 | 1 4 Penetration Max . | . . Secondary Targets 1 | . 1 Max Gunslinging Chain 1 | . 1 Shots Hit Robots 33 | 10 23 Core Hits 14 | 2 12 Critical Kills . | . . Critical Parts Destroyed . | . . Critical Strikes 1 | . 1 Burn 1 | . 1 Melee Attacks . | . . Impact . | . . Slashing . | . . Piercing . | . . Sneak Attacks . | . . Combat Hostiles . | . . Follow-up Attacks . | . . Damage Inflicted 427 | 112 315 Guns 427 | 112 315 Cannons . | . . Explosions . | . . Melee . | . . Ramming . | . . Kinetic 214 | 48 166 Thermal 213 | 64 149 Explosive . | . . Electromagnetic . | . . Impact . | . . Slashing . | . . Piercing . | . . Highest Corruption . | . . Average Corruption . | . . Corruption Purged . | . . Corruption Blocked . | . . Overload Shots . | . . Overflow Damage . | . . Projectiles . | . . Explosions . | . . Melee . | . . Knockbacks . | . . Impact . | . . Kinetic . | . . Secondary . | . . Self-Inflicted Damage . | . . Shots . | . . Rammed . | . . Targets Rammed . | . . Kicked . | . . Crushed . | . . Highest Temperature 190 | 124 190 Average Temperature 82 | 66 85 Received Heat Transfer 114 | 24 90 Siege Activations . | . . Martial Activations . | . . Shielding Activations . | . . Robots Disrupted . | . . Combat Hostiles . | . . Robots Corrupted . | . . Combat Hostiles . | . . Parts Fried . | . . Impact Corruptions . | . . Robots Melted . | . . Combat Hostiles . | . . Parts Melted 1 | 1 . Heat Transferred 703 | 185 518 Parts Sabotaged . | . . Parts Stolen . | . . Parts Stripped . | . . Power Chain Reactions . | . . Alert | -11 -10 ------- Run | Yrd Mat Maximum Alert Level . | . . Low Security (%) 100 | 100 100 Level 1 . | . . Level 2 . | . . Level 3 . | . . Level 4 . | . . Level 5 . | . . High Security . | . . Max Security . | . . Peak Influence 75 | 20 75 Initial 13 | . 13 Average 18 | 2 25 Influence Increases 205 | 20 185 Destroy 0b10 Robot/C 160 | 20 140 Destroy 0b10 Robot/NC 10 | . 10 Destroy Leader 20 | . 20 Lose Combat Pursuer 15 | . 15 Influence Decreases 130 | . 130 Entered New Map 7 | . 7 Time Decay 63 | . 63 Lost Part 60 | . 60 Squads Dispatched 1 | . 1 Investigation . | . . Extermination . | . . Reinforcement 1 | . 1 Assault . | . . Garrison . | . . Intercept . | . . Searches Triggered . | . . Construction Impeded . | . . Haulers Reinforced . | . . Active Scanning Responses . | . . Cargo Convoy Interrupts . | . . Stealth | -11 -10 --------- Run | Yrd Mat Distress Signals 1 | . 1 Communications Jammed . | . . Distress Signals . | . . Times Spotted 11 | 1 10 Peak Tracking Total 5 | 1 5 Tactical Retreats 1 | . 1 Traps | -11 -10 ------- Run | Yrd Mat Traps Triggered . | . . Indirectly . | . . Trap Hack Attempts . | . . Triggered . | . . Disarmed . | . . Reprogrammed . | . . Reused . | . . Traps Extracted . | . . Installed . | . . Triggered . | . . Machines | -11 -10 ---------- Run | Yrd Mat Machines Disabled . | . . Max in Single Turn . | . . Machines Repaired . | . . Machines Dismantled . | . . Machines Sabotaged . | . . Overloaded Fab Kills . | . . Hacking | -11 -10 --------- Run | Yrd Mat Machines Accessed 1 | . 1 Terminals 1 | . 1 Fabricators . | . . Repair Stations . | . . Recycling Units . | . . Scanalyzers . | . . Garrison Access . | . . Total Hacks 2 | . 2 Successful . | . . Failed 2 | . 2 Catastrophic 1 | . 1 Database Lockouts . | . . Manual . | . . Terminals 2 | . 2 Fabricators . | . . Repair Stations . | . . Recycling Units . | . . Scanalyzers . | . . Garrison Access . | . . Terminal Hacks . | . . Fabricator Hacks . | . . Repair Station Hacks . | . . Recycling Unit Hacks . | . . Scanalyzer . | . . Garrison Access Hacks . | . . Unauthorized Hacks . | . . Terminals . | . . Fabricators . | . . Repair Stations . | . . Recycling Units . | . . Scanalyzers . | . . Garrison Access . | . . Data Cores Recovered . | . . Used . | . . Hacking Detections . | . . Full Trace Events . | . . Feedback Events . | . . Feedback Blocked . | . . Robot Schematics Acquired . | . . Robots Built . | . . Authchips . | . . Time . | . . Total Robot Build Rating . | . . Part Schematics Acquired . | . . Parts Built . | . . Authchips . | . . Time . | . . Total Part Build Rating . | . . Parts Repaired . | . . Time . | . . Parts Recycled . | . . Recycled Matter . | . . Retrieved Matter . | . . Retrieved Components . | . . Parts Scanalyzed . | . . Part Schematics Acquired . | . . Parts Damaged . | . . Bothacking | -11 -10 ------------ Run | Yrd Mat Used RIF Installer . | . . Robots Hacked . | . . Non-combat . | . . Combat . | . . Robot Hacks Applied . | . . Relay Couplers Released . | . . Fabnet Peak Effective % . | . . Robots Rewired . | . . Allies Hacked . | . . Hacks Repelled . | . . Allies | -11 -10 -------- Run | Yrd Mat Total Allies . | . . Largest Group . | . . Highest-Rated Group . | . . Highest-Rated Ally . | . . Total Orders . | . . Ally Attacks . | . . Total Damage . | . . Kills . | . . Allies Corrupted . | . . Allies Melted . | . . Intel | -11 -10 ------- Run | Yrd Mat Active Infowar (turns) . | . . Robot Analysis Total . | . . Derelict Logs Recovered . | . . Drone Launches . | . . Drone Recoveries . | . . Exploration | -11 -10 ------------- Run | Yrd Mat Turns Passed 276 | 78 198 Spaces Moved 198 | 72 126 Core 46 | 21 25 Treads . | . . Legs . | . . Wheels 143 | 51 92 Hover . | . . Flight 9 | . 9 Fastest Speed 37 | 50 37 Average Speed 73 | 71 75 Slowest Speed 100 | 80 100 Overloaded Moves . | . . Propulsion Burnouts . | . . Robots Hopped . | . . Potential Cave-ins . | . . Cave-ins Triggered . | . . Exploration Rate (%) 22 | 9 36 Regions Visited 1 Branch Regions . Pre-discovered Areas . | . . Known Exits Taken . | . . Unknown Exits Taken 1 | 1 . Scrap Searched . | . . Spaces Dug . | . . Terrain Destroyed . | . . Melee . | . . Projectile . | . . AOE . | . . Terrain Rammed . | . . Walls Destroyed . | . . Machines Disabled . | . . Actions | -11 -10 --------- Run | Yrd Mat Total 266 | 87 179 Wait 2 | . 2 Move 197 | 71 126 Hop . | . . Pick Up 12 | 5 7 Fast Attach . | . . Attach 10 | 5 5 Detach . | . . Swap 2 | . 2 Drop 1 | . 1 Fire 42 | 6 36 Melee . | . . Ram . | . . Kick . | . . Crush . | . . Escape Stasis . | . . Rewire . | . . Trap . | . . Miscellaneous . | . . Route ------- -11/Scrapyard -10/Materials (discovered 2 exits: [*Mat] / [*Min]) History --------- Turn | Location | Event 2 | -11/Scrapyard | Met Revision 17 52 | -11/Scrapyard | Discovered new exit (range 8) 79 | -11/Scrapyard | Entered Materials 128 | -10/Materials | Discovered new exit (range 14) 212 | -10/Materials | Lost 3 parts (2n1u) 250 | -10/Materials | Core integrity fell below 50% 262 | -10/Materials | Discovered new exit (range 14) 264 | -10/Materials | Core integrity fell below 20% 277 | -10/Materials | Destroyed by G-34 Mercenary with Small Laser Last Messages --------------- O-16 Technician locks terminal. S-10 Pest suffers critical hit (Burn). R-06 Scavenger collects Flight Unit. Flight Unit destroyed. G-34 Mercenary destroyed. Switching to secondary target: G-34 Mercenary. Lgt. Ion Engine destroyed. Med. Laser destroyed. R-06 Scavenger collects Lgt. Ion Engine. R-06 Scavenger collects Com. Wheel. Flight Unit destroyed. Lgt. Assault Rifle destroyed. EXIT=FOUND Acquired 19 matter. Acquired Lgt. Assault Rifle. S-10 Pest destroyed. Acquired 11 matter. Acquired 1 matter. K-01 Serf collects debris. Acquired 1 matter. Map ----- +----------------------------------------------------+ | | | | | ?????????????????????????????????????????????????? | | ?????????????????????????????????????????????????? | | ?????????????????????????????????????????????????? | | ?????????????????????????????????????????????????? | | ?????????????????????????????????????????????????? | | ?????????????????????????????????????????????????? | | ?????????????????????????????????????????????????? | | ?????????????????????????????????????????????????? | | ?????????????????????????????????????????????????? | | ???????????????????????????? ???????????????? | | ?????????????????? ????????# #??????????????? | | ????????????????? ] ???????# #???##+###?????? | | ?????????????????? ???????# #???# #?????? | | ?????????????????? ???????# ##### #?????? | | ????????????????? ???????# #?????? | | ????????????????? ??????# #?????? | | ??????????????????Y" ??????# #?????? | | ???????????????????" ??????# #?????? | | ?????????????????###+####### ####### | | ?????????????????# ## | | ?????????????????# ## | | ?????????????????+ ## | | ?????????????????# o [* ## | | ?????????????????# = @[ ## | | ?????????????????## = * u * ## | | ?????????????????#T !% ## | | ?????????????????## g * ## | | ??????????????????# ## | | ??????????????????# / | | ??????????????????# % g ## | | ??????????????????# * a ## | | ??????????????????+ k ###### ### | | ??????????????????# ####k##+###????# #?###### | | ??????????????????# ???? ?????????# #??????? | | ?????????????????? ???? ?????????# #??????? | | ?????????????????# ???? ?????????# ######## | | ?????????????????# ???? ?????????# # | | ?????????????????# < ???? ?????????#^ # """ | | ?????????????????? ???? ?????????#^^ ^# """ | | ???????????????????? ???????????????# ^ ^# """ | | ?????????????????????????????????????#^^ ^# """ | | ??????????????????????????####???????# + """ | | ??????????????????????????# ###### # | | ????????????????????????? # | | ????????????????????????? ######## | | ????????????????????????? #% # | | ??????????????????????????# ####### # """ # | | ??????????????????????????? ##????????# # """ # | +----------------------------------------------------+ Best States ------------- Heat Dissipation 25 Energy Generation 10 Energy Capacity 125 Matter Stores 378 Matter Capacity 400 Sight Range 16 Terrain Scan Density 10 Armor Coverage 150 Evasion (%) 50 Item Schematics ----------------- None Robot Schematics ------------------ None Fabricated ------------ Nothing Repaired ---------- Nothing Alien Tech Used ----------------- None Achievements -------------- None Challenges ------------ None Game ------ Seed ReflectiveIonicGuard Manual? 0 Play Time 00:08:17 Cumulative 1.1 hours Start 2025.09.08 @ 01:48:58 End 2025.09.08 @ 16:52:44 Sessions 2 Manual Loads 0 Difficulty Rogue Special Mode None Game No. 3 Rogue 3 Adventurer 0 Explorer 0 Win Type - Total 0 Types 0/0/0/0/0/0/0/0/0/0 Lore% 0 Gallery% 4 Achievement% 5 Wizard Run 0 Options --------- Layout 1 ASCII 0 Keyboard 0 Movement Mouse Keybinds 0 Fullscreen 1 Font 24/Smallcaps Map View 50x35 Zoom Use 0% Tactical HUD 0 Map Filters NONE Filters NONE Steam 1 RUN: d5134dbf-eb53-48e5-9c09-8ef3c7cf2355